 Dungeon Crawl Stone Soup version 0.25-a0-479-g8579842 (webtiles) character file.

Game seed: 11262855653795777409, levelgen mode: deterministic

154 15 the Ruffian (level 5, -7/41 HPs)
             Began as a Draconian Transmuter on Feb 9, 2020.
             Mangled by Prince Ribbit (9 damage)
             ... on level 6 of the Dungeon.
             The game lasted 00:09:07 (2614 turns).

15 the Ruffian (Draconian Transmuter)               Turns: 2614, Time: 00:09:07

Health: -7/41      AC:  5    Str: 13    XL:     5   Next: 13%
Magic:  7/9        EV: 13    Int: 13    God:
Gold:   105        SH:  0    Dex: 12    Spells: 3/9 levels left

rFire    . . .     SeeInvis .     - Unarmed
rCold    . . .     Gourm    .   (no shield)
rNeg     . . .     Faith    .   (armour unavailable)
rPois    +         Spirit   .   (helmet restricted)
rElec    .         Reflect  .   (no cloak)
rCorr    .         Harm     .   (no gloves)
MR       .....                  (boots currently unavailable)
Stlth    +.........             (no amulet)
HPRegen  0.13/turn              d - ring of poison resistance
MPRegen  0.11/turn              (no ring)

@: appendage (expiring)
A: unfitting armour, talons 3, cold-blooded, AC +5
a: End Transformation


You were on level 6 of the Dungeon.
You were not hungry.
You had grown temporary talons.
You visited 1 branch of the dungeon, and saw 4 of its levels.

You collected 105 gold pieces.

Inventory:

Missiles
 a - 30 arrows
Jewellery
 d - a ring of poison resistance (left hand)
Scrolls
 e - 2 scrolls of remove curse
 h - 2 scrolls of teleportation
Potions
 i - a potion of heal wounds
 k - a potion of brilliance
 l - a potion of lignification
Comestibles
 b - 6 chunks of flesh
 c - 5 rations


   Skills:
 * Level 2.0 Fighting
 * Level 2.6 Dodging
 + Level 4.0 Unarmed Combat
 * Level 2.7 Spellcasting
 * Level 3.0 Transmutations


You had 3 spell levels left.
You knew the following spells:

 Your Spells              Type           Power        Failure   Level  Hunger
a - Beastly Appendage     Tmut           #.....       7%          1    #......
b - Sticks to Snakes      Tmut           #.......     10%         2    ###....
c - Spider Form           Tmut/Pois      #.........   36%         3    ###....

Your spell library contained the following spells:

 Spells                   Type           Power        Failure   Level  Hunger
 Ice Form                 Ice/Tmut       #.......     77%         4    #####..
 Blade Hands              Tmut           #.........   88%         5    ######.


Dungeon Overview and Level Annotations

Branches:
Dungeon (3/15)

Altars:
Dithmenos
Fedhas
Gozag
Zin
The Shining One

Annotations:
D:6 Prince Ribbit


Innate Abilities, Weirdness & Mutations

Your plain brown scales are hard. (AC +5)
You cannot fit into any form of body armour.
You are cold-blooded and may be slowed by cold attacks.
You have claws for feet.


Message History

Prince Ribbit hits you!!
* * * LOW HITPOINT WARNING * * *
You barely miss Prince Ribbit. You claw Prince Ribbit.
Prince Ribbit is lightly wounded.
Prince Ribbit completely misses you.
Prince Ribbit blinks!
Prince Ribbit barely misses you.
You closely miss Prince Ribbit. You claw Prince Ribbit.
You tail-slap Prince Ribbit, but do no damage.
Prince Ribbit is moderately wounded.
Prince Ribbit barely misses you. Prince Ribbit closely misses you.
You barely miss Prince Ribbit. Your kick misses Prince Ribbit.
Prince Ribbit is moderately wounded.
Prince Ribbit blinks!
Prince Ribbit barely misses you.
Prince Ribbit hops awkwardly around.
Prince Ribbit closely misses you.
You barely miss Prince Ribbit.
Prince Ribbit is moderately wounded.
Prince Ribbit hits you!
You die...

... ......
..... #..#
##..######
#........#
#........#
+.....F..#
#.....@.##
######..#
#..# ...#
....#
#....#
#....#
#....#
#.....


You could see Prince Ribbit.

Vanquished Creatures
  A bullfrog skeleton (D:6)
  A worker ant (D:6)
  3 adders (D:2)
  An ooze (D:1)
  2 dart slugs (D:1)
  4 leopard geckos
  2 ball pythons
  4 giant cockroaches
  6 goblins
  6 hobgoblins
  7 jackals
  A quokka (D:3)
  7 bats
  2 frilled lizards (D:1)
  9 kobolds
  2 rats
58 creatures vanquished.

Notes
Turn   | Place    | Note
-------+----------+-------------------------------------------
     0 | D:1      | 15 the Draconian Transmuter began the quest for the Orb.
     0 | D:1      | Reached XP level 1. HP: 16/16 MP: 3/3
   196 | D:1      | Reached XP level 2. HP: 21/23 MP: 3/5
   213 | D:1      | Learned a level 2 spell: Sticks to Snakes
   374 | D:1      | Upgraded the game from 0.25-a0-478-g33c61bd to
                  | 0.25-a0-479-g8579842
   569 | D:1      | Reached XP level 3. HP: 22/28 MP: 6/6
   574 | D:1      | Learned a level 3 spell: Spider Form
  1640 | D:2      | Reached XP level 4. HP: 28/36 MP: 5/7
  1963 | D:2      | Found a glowing golden altar of the Shining One.
  1963 | D:2      | Found a shadowy altar of Dithmenos.
  1966 | D:2      | Found a blossoming altar of Fedhas.
  2104 | D:2      | Found a glowing silver altar of Zin.
  2106 | D:2      | Found an opulent altar of Gozag.
  2575 | D:3      | You fall into a shaft and drop 3 floors!
  2589 | D:6      | Noticed Prince Ribbit
  2602 | D:6      | Reached skill level 4 in Unarmed Combat
  2602 | D:6      | Reached XP level 5. HP: 11/41 MP: 7/9
  2606 | D:6      | HP: 1/41 [Prince Ribbit (18)]
  2614 | D:6      | Mangled by Prince Ribbit

Levels and vault maps discovered:
D:1:      dpeg_cavernosity, layout_basic, minmay_split_cup_small
D:2:      layout_basic, nicolae_overflow_hidden_temple,
          kennysheep_generic_room_12
D:3:      layout_loops_ring, portal_sewer_entry_a, corner_web_ring
D:6:      layout_gridville, minmay_temple_entry_statues_pillars,
          uniq_prince_ribbit1, uniq_menkaure, uniq_edmund

Skill      XL: |  1  2  3  4 |
---------------+-------------+-----
Dodging        | 2 |  2.6
Transmutations | 3 |  3.0
Fighting       | 2 |  2.0
Unarmed Combat | 4 |  4.0
Spellcasting   | |  2.7

Action                   |  1- 3 |  4- 6 || total
-------------------------+-------+-------++-------
Melee: Unarmed           |   116 |    87 ||   203
       Headbutt          |     7 |     2 ||     9
       Tailslap          |     8 |     8 ||    16
       Kick              |     5 |     8 ||    13
       Punch             |     2 |       ||     2
 Cast: Beastly Appendage |    14 |    12 ||    26
       Spider Form       |       |     1 ||     1
  Use: Scroll            |     3 |     4 ||     7
       Potion            |     2 |     2 ||     4
 Stab: Sleeping          |     1 |       ||     1
  Eat: Chunk             |     3 |     3 ||     6
Armor: Skin              |    29 |    39 ||    68
Dodge: Dodged            |    65 |    77 ||   142

Table legend:
 A = Non-vault XP
 B = Vault XP
 C = Vault XP percentage of total XP
 D = Non-vault monster count
 E = Vault monster count
 F = Vault count percentage of total count
                 A         B        C        D         E       F
            +---------+---------+-------+---------+---------+-------
      Total |     197 |      23 |  10.5 |      49 |       9 |  15.5
            +---------+---------+-------+---------+---------+-------
        D:1 |      37 |      19 |  33.9 |      18 |       7 |  28.0
        D:2 |      76 |       4 |   5.0 |      22 |       2 |   8.3
        D:3 |      11 |       0 |   0.0 |       7 |       0 |   0.0
        D:6 |      73 |       0 |   0.0 |       2 |       0 |   0.0
            +---------+---------+-------+---------+---------+-------
